[Event "*** Titled Tuesday Blitz"]
[Site "Chess.com"]
[Date "2018.04.03"]
[Round "1"]
[White "GMMelik"]
[Black "GMSrinath"]
[Result "0-1"]
[WhiteElo "2382"]
[BlackElo "2742"]
[TimeControl "180+2"]
[EndTime "13:07:37 PDT"]
[Termination "GMSrinath won by resignation"]

1. e4 e5 2. Nf3 Nc6 3. Bc4 Nf6 4. d3 Bc5 5. O-O O-O 6. Nbd2 d6 7. c3 a5 8. h3 h6 9. Re1 Be6 10. Bb5 Qb8 11.
Nf1 Qa7 12. Be3 Ne7 13. d4 exd4 14. Bxd4 Ng6 15. Ng3 Rad8 16. Qd2 Nd7 17. Nh5 Nde5 18. Nh2 f5 19. f4 Nc4 20. Bxc4 Bxc4 21. exf5 Rxf5 22.
g4 Rd5 23. Rad1 Bb6 24. f5 Ne5 25. Nf4 Rxd4 26. cxd4 Nc6 27. Nf3 Bxa2 28. Ne6 Rc8 29. Kg2 Bd5 30. Nf4 Bxf3+ 31. Kxf3 Nxd4+ 32. Kg3 Bc5 33. Ne6 Nxe6 34. Rxe6 Qb6 35. Qd5 Kh8 36. Rde1 Qb5 37.
R1e2 Bf2+ 0-1

[Event "*** Titled Tuesday Blitz"]
[Site "Chess.com"]
[Date "2018.04.03"]
[Round "1"]
[White "Guriempire"]
[Black "nochewycandy"]
[Result "1-0"]
[WhiteElo "2477"]
[BlackElo "2090"]
[TimeControl "180+2"]
[EndTime "13:07:37 PDT"]
[Termination "Guriempire won by resignation"]

1. e4 g6 2. d4 Bg7 3. Nc3 d6 4. Be3 a6 5. Qd2 b5 6. O-O-O Bb7 7. f3 Nd7 8. h4 h6 9. Nh3 Rc8 10. Nf4 c5 11. d5 Ngf6 12. Kb1 Qa5 13. g4 Ne5 14. Qg2 b4 15. Nce2 Nc4 16. Bc1 Nd7 17. Ng3 Ndb6 18. Bxc4 Nxc4 19. Qe2 Ne5 20. h5 g5 21. Nf5 Bf6 22. Nd3 c4 23. Nxe5 Bxe5 24.
f4 gxf4 25. Rhf1 b3 26. cxb3 cxb3 27. axb3 Qb4 28. Bxf4 Bxf4 29. Rxf4 Rc7 30. Rf3 Rd7 31. e5 dxe5 32. Qxe5 Rh7 33. Rc3 f6 34. Qe6 Qxg4 35. Nd6+ Rxd6 36. Qxg4 Rh8 37. Qg6+ Kd7 38. Qf5+ Kd8 39.
Rdc1 Rd7 40. d6 Rf8 41. dxe7+ Kxe7 42. Rc7 1-0

[Event "*** Titled Tuesday Blitz"]
[Site "Chess.com"]
[Date "2018.04.03"]
[Round "1"]
[White "aa175"]
[Black "DanielRensch"]
[Result "0-1"]
[WhiteElo "1948"]
[BlackElo "2439"]
[TimeControl "180+2"]
[EndTime "13:07:38 PDT"]
[Termination "DanielRensch won by checkmate"]

1. e4 c5 2. Nf3 d6 3. d3 Nc6 4. Nc3 g6 5. Be2 Bg7 6. a4 a6 7.
Be3 e6 8. h4 h6 9. h5 g5 10.
Nd2 Nf6 11. Nc4 Rb8 12. a5 O-O 13. Nb6 Ne8 14. f4 Nd4 15. fxg5 hxg5 16. h6 Bf6 17. Bg4 Kh8 18. Qd2 Rg8 19. O-O-O Bd7 20. Ne2 Nc6 21. d4 cxd4 22. Nxd4 Ne5 23. Be2 Qc7 24. Qc3 Nc6 25.
Nxe6 fxe6 26. Qb3 Rd8 27. Bc4 Ne5 28. Bxe6 Bxe6 29. Qxe6 Qe7 30. Qf5 Qh7 31. Qf2 Qxe4 32. Nd5 Rf8 33. Bxg5 Bxg5+ 34. Qd2 Bxd2+ 35. Rxd2 Rc8 36. Rhd1 Rc5 37. Nc3 Rxc3 38. bxc3 Qa4 39. Kb2 Rf4 40.
Rd4 Qb5+ 41. Kc1 Nc4 42. Rxc4 Rxc4 43. Rd4 Rxc3 44. Kd2 Qc5 45. Rd3 Rxc2+ 46. Kd1 Qf2 47. Rf3 Qd2# 0-1

[Event "*** Titled Tuesday Blitz"]
[Site "Chess.com"]
[Date "2018.04.03"]
[Round "1"]
[White "TrimitziosP7"]
[Black "amiralfio"]
[Result "1-0"]
[WhiteElo "2604"]
[BlackElo "2269"]
[TimeControl "180+2"]
[EndTime "13:07:47 PDT"]
[Termination "TrimitziosP7 won by resignation"]

1. Nf3 Nf6 2. c4 e6 3. g3 d5 4. Bg2 dxc4 5. Qa4+ Bd7 6. Qxc4 Bc6 7. O-O Be7 8. Qc2 O-O 9. Nc3 b6 10. Rd1 Bb7 11. d4 Qc8 12. Bf4 c5 13. Rac1 Nc6 14. Qa4 Nxd4 15. Nxd4 Bxg2 16. Kxg2 cxd4 17. Qxd4 Qb7+ 18.
f3 Rfd8 19. Qa4 Bc5 20. b4 Bd4 21. Nb5 e5 22. Nxd4 exf4 23. Qc6 Qe7 24. Qb5 a6 25. Qg5 h6 26. Qh4 Qe3 27. Qxf4 Nd5 28. Qf5 Qxd4 29. Rxd4 Ne3+ 30. Kf2 Nxf5 31. Rdc4 Nd6 32. Rc6 b5 33.
R1c5 Nc4 34. a4 Rab8 35. Rxa6 Nd6 36. a5 Rdc8 37. Rxd6 Rxc5 38. bxc5 b4 39. Rd2 Rb5 40. c6 Rc5 41. Rb2 Rxc6 42. Rxb4 Ra6 43. Ra4 Kf8 44. Ke3 Ke7 45. Kd4 Kd6 46. Kc4 Kc6 47. Kb4 Ra8 48. a6 Kb6 49. a7 Rxa7 50. Rxa7 Kxa7 51. Kc5 Kb7 52. Kd6 1-0

[Event "*** Titled Tuesday Blitz"]
[Site "Chess.com"]
[Date "2018.04.03"]
[Round "1"]
[White "Fedor_Dvenyatin"]
[Black "SmarterChess"]
[Result "1-0"]
[WhiteElo "2538"]
[BlackElo "2201"]
[TimeControl "180+2"]
[EndTime "13:07:51 PDT"]
[Termination "Fedor_Dvenyatin won by resignation"]

1. d4 Nf6 2. Nf3 c5 3. c4 g6 4. g3 Bg7 5. Bg2 O-O 6. O-O cxd4 7. Nxd4 Nc6 8. Nc3 Qb6 9. Ndb5 a6 10. Be3 Qd8 11. Nd4 Nxd4 12. Bxd4 d6 13. Qb3 Qc7 14. Bxf6 exf6 15. Nd5 Qc5 16. Qb6 Be6 17. Qxc5 dxc5 18.
Nc7 Rab8 19. Nxe6 fxe6 20. Rad1 f5 21. Rd6 Bxb2 22. Rb1 Bd4 23. e3 Bc3 24. Rxe6 b5 25. Bd5 Kg7 26. Rc1 b4 27. Rxa6 Rfc8 28. h4 Kh6 29.
Kg2 Be5 30. h5 Rc7 31. f4 Bb2 32. Rh1 Kg7 33. h6+ Kh8 34. Kf3 Re8 35. Re6 Rxe6 36.
Bxe6 Re7 37. Rd1 Re8 38. Rd7 Bf6 39. Bd5 Be7 40. Bf7 1-0

[Event "*** Titled Tuesday Blitz"]
[Site "Chess.com"]
[Date "2018.04.03"]
[Round "1"]
[White "Aariow"]
[Black "ZapataCharlesS"]
[Result "0-1"]
[WhiteElo "2317"]
[BlackElo "2650"]
[TimeControl "180+2"]
[EndTime "13:07:52 PDT"]
[Termination "ZapataCharlesS won by resignation"]

1. Nf3 d5 2. g3 Nf6 3. Bg2 c6 4. O-O Bg4 5. Ne5 Bf5 6. d4 e6 7. c4 Nbd7 8. Nc3 Bd6 9. Bf4 Qe7 10. Qb3 Rb8 11. Nxd7 Qxd7 12. Bxd6 Qxd6 13. c5 Qe7 14. f4 h5 15. h3 Rg8 16. Rae1 g6 17. e4 dxe4 18. Bxe4 Nxe4 19. Nxe4 Bxe4 20. Rxe4 Kf8 21. Qe3 Qf6 22. b4 Kg7 23. a4 Qf5 24. Kh2 Rgd8 25. Rf2 Qf6 26. Kg2 b6 27. Re5 bxc5 28. bxc5 Rb4 29. Rd2 Rxa4 30. g4 hxg4 31. hxg4 Qh4 32.
Rg5 Rh8 33. Qe5+ f6 34. Qc7+ Kh6 35. Qf7 fxg5 36. Qf6 Qxg4+ 37. Kf2 Qxf4+ 38. Qxf4 gxf4 0-1

[Event "*** Titled Tuesday Blitz"]
[Site "Chess.com"]
[Date "2018.04.03"]
[Round "1"]
[White "HanSchut"]
[Black "ViktorMatviishen"]
[Result "0-1"]
[WhiteElo "2211"]
[BlackElo "2555"]
[TimeControl "180+2"]
[EndTime "13:07:53 PDT"]
[Termination "ViktorMatviishen won by resignation"]

1. e4 c5 2. Nf3 d6 3. d4 cxd4 4. Nxd4 Nf6 5. f3 g6 6. c4 Bg7 7.
Be3 Nc6 8. Qd2 O-O 9. Nc3 a5 10. b3 Bd7 11. Rc1 a4 12. Nxc6 bxc6 13. b4 a3 14. Be2 Rb8 15. Rb1 Be6 16. O-O Nd7 17. f4 f5 18. exf5 gxf5 19. Rb3 Nb6 20. Bd4 c5 21.
Bxg7 Kxg7 22. Nd5 Bxd5 23. cxd5 cxb4 24. Rg3+ Kh8 25. Qd4+ Rf6 26. Rg5 Nd7 27. Rxf5 Qb6 28. Qxb6 Rxb6 29. Rg5 b3 30. axb3 Rxb3 31. Bg4 Nf8 32.
Ra1 Rxf4 33. Be6 Nxe6 34. dxe6 Rfb4 35. h3 Rb1+ 36. Rxb1 Rxb1+ 37. Kh2 a2 0-1

[Event "*** Titled Tuesday Blitz"]
[Site "Chess.com"]
[Date "2018.04.03"]
[Round "1"]
[White "joppie2"]
[Black "WinnerOleg"]
[Result "1-0"]
[WhiteElo "2690"]
[BlackElo "2359"]
[TimeControl "180+2"]
[EndTime "13:07:55 PDT"]
[Termination "joppie2 won by resignation"]

1. e4 g6 2. d4 Bg7 3. Nf3 d6 4. Bd3 Nf6 5. O-O O-O 6. Re1 Nc6 7. d5 Ne5 8. Nxe5 dxe5 9. Nc3 e6 10. Bg5 Re8 11. Bb5 Bd7 12. dxe6 Bxb5 13. exf7+ Kxf7 14. Nxb5 Qxd1 15. Raxd1 Re7 16. Rd3 h6 17. Bxf6 Bxf6 18. Red1 a6 19. Nc3 c6 20. Na4 Rc8 21. Nb6 Rcc7 22.
g3 h5 23. h4 Ke6 24. Rd6+ Kf7 25. R1d3 Re6 26. Rd7+ Re7 27. Rd8 Re8 28. R3d7+ Rxd7 29. Rxd7+ Re7 30. Rd3 Ke6 31. Kg2 Re8 32. b3 Bd8 33. Nc4 Bc7 34. Nd2 Rd8 35. Rxd8 Bxd8 36. Kf1 g5 37.
hxg5 Bxg5 38. Nf3 Be7 39. Ke2 b5 40. Kd3 Kd6 41. Ne1 Ke6 42. Ng2 Bg5 43. f4 Be7 44. Ke3 Bc5+ 45. Kf3 Be7 46. Ne3 Bc5 47. Nf5 Bf8 48. Nh4 Kf6 49. fxe5+ Ke6 50. Ng6 Bg7 51. Nf4+ Kxe5 52. Nxh5 Bh8 53. Nf4 Kd4 54. Ng6 Bf6 55.
e5 Bxe5 56. Nxe5 Kxe5 57. b4 1-0

[Event "*** Titled Tuesday Blitz"]
[Site "Chess.com"]
[Date "2018.04.03"]
[Round "1"]
[White "Margency"]
[Black "abubakrtagelsir"]
[Result "0-1"]
[WhiteElo "2573"]
[BlackElo "2269"]
[TimeControl "180+2"]
[EndTime "13:07:55 PDT"]
[Termination "abubakrtagelsir won by resignation"]

1. e4 d6 2. d4 Nf6 3. Nc3 g6 4. Bg5 Bg7 5. Qd2 h6 6. Bh4 O-O 7. f4 c6 8. O-O-O b5 9. Bd3 b4 10. Nce2 Qa5 11. Kb1 c5 12. dxc5 Be6 13. Nc1 dxc5 14. f5 gxf5 15. exf5 Bd5 16. Nb3 Qb6 17. Bf2 Nbd7 18. Nf3 a5 19. Qe3 Rfc8 20. Qxe7 Re8 21. Bxc5 Rxe7 22. Bxb6 Nxb6 23. Rhe1 Rxe1 24. Rxe1 Bxf3 25.
gxf3 Nfd5 26. Nc5 Rc8 27. Ne4 Na4 28. Rg1 Kf8 29. Bb5 Nxb2 30. Rxg7 Kxg7 31. Kxb2 Nc3 32. Bd3 Nxe4 33. fxe4 Kf6 34. Kb3 Rc3+ 35. Kb2 Ke5 36.
Kc1 f6 37. Kb2 Kd4 38. Kc1 a4 39. Kb2 a3+ 40. Kc1 Rc7 41. Kd2 Rg7 42. h4 Rg2+ 43.
Ke1 Rh2 44. Kf1 Rxh4 45. Kg2 Rg4+ 46. Kf2 h5 47. Kf3 Rg5 48. Kf4 Rg1 49. Kf3 h4 50. Kf2 Rg3 51. Bf1 Rc3 52. Bd3 Rxd3 53. cxd3 b3 54.
axb3 0-1

[Event "*** Titled Tuesday Blitz"]
[Site "Chess.com"]
[Date "2018.04.03"]
[Round "1"]
[White "Keranke"]
[Black "335394862"]
[Result "0-1"]
[WhiteElo "2612"]
[BlackElo "2312"]
[TimeControl "180+2"]
[EndTime "13:08:00 PDT"]
[Termination "335394862 won by resignation"]

1. d4 Nf6 2. c4 e6 3. g3 d5 4.
Bg2 Bb4+ 5. Nd2 O-O 6. Qc2 c5 7. dxc5 Na6 8. Nf3 Nxc5 9. O-O d4 10. a3 Bxd2 11. Bxd2 Re8 12. Bf4 d3 13. exd3 Qxd3 14. Rac1 Nfd7 15. b4 Qxc2 16. Rxc2 Nd3 17. Bd6 e5 18. Rd1 e4 19. Re2 Nf6 20. Ng5 Bf5 21.
c5 h6 22. Nh3 Bg4 23. f3 exf3 24. Rxe8+ Rxe8 25. Bxf3 Bxf3 26. Rxd3 Bc6 27. Rd1 Re2 28.
Nf2 Nd5 29. Rc1 Ra2 30. Ne4 Ne3 31. Nf2 a6 32. h3 Nf5 33. g4 Nd4 34. Bg3 Ne2+ 0-1

[Event "*** Titled Tuesday Blitz"]
[Site "Chess.com"]
[Date "2018.04.03"]
[Round "1"]
[White "Fighterman91"]
[Black "pedroholly22"]
[Result "1-0"]
[WhiteElo "2558"]
[BlackElo "2211"]
[TimeControl "180+2"]
[EndTime "13:08:07 PDT"]
[Termination "Fighterman91 won by checkmate"]

1. e4 c5 2. Nf3 d6 3. d4 cxd4 4.
Nxd4 Nf6 5. Nc3 g6 6. Be3 Bg7 7. f3 O-O 8. Qd2 Nc6 9. O-O-O d5 10. Nxc6 bxc6 11. Bh6 Be6 12. Bxg7 Kxg7 13. h4 dxe4 14. Qe3 Qb6 15. Qxb6 axb6 16. fxe4 Ng4 17. Re1 b5 18. a3 Rfd8 19. Be2 b4 20. Bxg4 bxc3 21. Bxe6 cxb2+ 22. Kxb2 fxe6 23. Re3 e5 24. Rd3 Rab8+ 25. Kc3 Rd6 26. Ra1 c5 27. Rxd6 exd6 28. a4 Kf6 29. a5 Ke6 30. a6 Ra8 31. a7 Kd7 32. Kc4 Kc6 33. Ra6+ Kb7 34. Rxd6 Kxa7 35. Kxc5 Rf8 36. Rd7+ Ka6 37. Rxh7 Rc8+ 38. Kd5 Rxc2 39. g4 Rg2 40. g5 Kb6 41. Rh6 Rg4 42. Rxg6+ Kc7 43. h5 Kd7 44. h6 Ke7 45. Rg7+ Kf8 46. Kxe5 Rg1 47. Rb7 Rxg5+ 48. Kf6 Rb5 49. Rxb5 Kg8 50. Rb8+ Kh7 51. Rc8 Kxh6 52. Rh8# 1-0

[Event "*** Titled Tuesday Blitz"]
[Site "Chess.com"]
[Date "2018.04.03"]
[Round "1"]
[White "schoolmeester"]
[Black "ChesterF"]
[Result "1-0"]
[WhiteElo "2652"]
[BlackElo "2304"]
[TimeControl "180+2"]
[EndTime "13:08:10 PDT"]
[Termination "schoolmeester won on time"]

1. e4 e5 2. f4 exf4 3. Nc3 Qh4+ 4. Ke2 Qd8 5. d4 Nf6 6. e5 Nh5 7. Nf3 d6 8. Kf2 Nc6 9. Bb5 Bd7 10. Re1 Be7 11. e6 fxe6 12. d5 Bh4+ 13. Kg1 Bxe1 14. Nxe1 Qg5 15. Nf3 Qh6 16. dxc6 bxc6 17. Bc4 O-O 18.
b3 Kh8 19. Bb2 e5 20. Nxe5 dxe5 21. Qxd7 f3 22. Qg4 Rf4 23. Qh3 Raf8 24. g3 f2+ 25. Kf1 R4f6 26. Bc1 Qg6 27. Bd3 e4 28. Nxe4 Re6 29. Qh4 1-0

[Event "*** Titled Tuesday Blitz"]
[Site "Chess.com"]
[Date "2018.04.03"]
[Round "1"]
[White "Vincent_Vega95"]
[Black "Albertu"]
[Result "0-1"]
[WhiteElo "2537"]
[BlackElo "2229"]
[TimeControl "180+2"]
[EndTime "13:08:12 PDT"]
[Termination "Albertu won by resignation"]

1. d4 Nf6 2. c4 c5 3. d5 b5 4.
cxb5 a6 5. b6 e6 6. Nc3 Nxd5 7.
Nxd5 exd5 8. Qxd5 Nc6 9. e4 Be7 10. Bc4 O-O 11. Nf3 Rb8 12. O-O Rxb6 13. Qd1 d6 14. h3 Be6 15. Qe2 a5 16. Rd1 Rb4 17.
Bxe6 fxe6 18. Rb1 Qb6 19. Be3 Rb8 20. Rd2 Rxe4 21. Qd3 d5 22. Bg5 c4 23. Qf1 Bb4 24. Re2 Rf8 25. Rxe4 dxe4 26. Be3 Bc5 27. Qxc4 Bxe3 28.
Qxe6+ Kh8 29. Qxe4 Bxf2+ 30. Kh1 Nd4 31. Ne5 Nf5 32.
Nf7+ Kg8 33. Qd5 Ng3+ 34. Kh2 Rxf7 35. Rc1 Qb8 36. Rc6 Nf1+ 0-1

[Event "*** Titled Tuesday Blitz"]
[Site "Chess.com"]
[Date "2018.04.03"]
[Round "1"]
[White "XiaoKangZhong"]
[Black "Blitzstream"]
[Result "0-1"]
[WhiteElo "2044"]
[BlackElo "2464"]
[TimeControl "180+2"]
[EndTime "13:08:19 PDT"]
[Termination "Blitzstream won by checkmate"]

1. e4 d5 2. exd5 Qxd5 3. Nc3 Qa5 4. g3 Nf6 5. Bg2 c6 6. Nge2 Bf5 7. O-O e6 8. d4 Nbd7 9. Bf4 Be7 10. a3 O-O 11. b4 Qd8 12. Na4 Nd5 13. Bd2 h6 14. c4 N5b6 15. Nxb6 axb6 16. Qb3 Nf6 17. Be3 Be4 18.
Nc3 Bxg2 19. Kxg2 Qc7 20. Rfd1 Rfd8 21. a4 c5 22. dxc5 bxc5 23. b5 b6 24. Ne2 Ne4 25. f3 Nd6 26. Bd2 Nf5 27. Be1 Bf6 28. Rxd8+ Rxd8 29. Rc1 Qe5 30. Qa2 Qe3 31. Bf2 Qd2 32. Rc2 Qb4 33.
Rc1 Rd2 34. Rc2 Rd3 35. a5 Ra3 36.
Be1 Rxa2 37. Bxb4 Rxc2 38. Bxc5 bxc5 39. b6 Rxe2+ 40. Kf1 Ra2 41. b7 Be5 42. f4 Ne3+ 43. Kg1 Bb8 44. a6 Rxa6 45. Kh1 Nxc4 46. h4 Nd6 47. Kh2 Nxb7 48. Kh3 Rd6 49. Kg4 c4 50. Kf3 c3 51. Ke3 c2 52. Ke4 c1=Q 53. Kf3 Qd1+ 54.
Kg2 Qg4 55. Kh2 Rd2+ 56. Kh1 Qd1# 0-1

[Event "*** Titled Tuesday Blitz"]
[Site "Chess.com"]
[Date "2018.04.03"]
[Round "1"]
[White "Man-Chuk"]
[Black "maximlavrov"]
[Result "1-0"]
[WhiteElo "2669"]
[BlackElo "2350"]
[TimeControl "180+2"]
[EndTime "13:08:20 PDT"]
[Termination "Man-Chuk won by resignation"]

1. d4 g6 2. e4 Bg7 3. Nc3 d6 4.
Be3 a6 5. Qd2 b5 6. h4 Bb7 7. f3 h5 8. Nh3 Nd7 9. Ng5 Rc8 10. a4 b4 11. Bc4 e6 12. Ne2 a5 13.
Nf4 Qe7 14. O-O-O Nb6 15. Bb3 Ba6 16. Ngxe6 fxe6 17. Nxg6 Qf7 18. Nxh8 Bxh8 19. d5 Qg7 20. Bd4 Qxd4 21. Qxd4 Bxd4 22. Rxd4 e5 23. Rd2 Nf6 24. c3 bxc3 25. bxc3 Ke7 26. Kc2 Rg8 27. Rg1 Nc4 28. Bxc4 Bxc4 29. Rb1 Nd7 30. Rb7 Rc8 31. Rb1 Nc5 32.
Rdd1 Rg8 33. Rd2 Nxa4 34. Ra1 Nc5 35. Rb1 a4 36. Rb4 Bb3+ 37. Kb2 Kd7 38. Ka3 c6 39. c4 cxd5 40. cxd5 Kc7 41. Rb5 Rf8 42. Rb4 Rf4 43. g4 Rxf3 44. gxh5 Bxd5+ 45. Kb2 Bxe4 46. Ka2 Rh3 47.
Rf2 Rxh4 48. Rc2 Bd5+ 49. Ka3 Rxh5 50. Rxa4 Bb3 51. Rxc5+ dxc5 52. Kxb3 Rh4 53. Rxh4 1-0

[Event "*** Titled Tuesday Blitz"]
[Site "Chess.com"]
[Date "2018.04.03"]
[Round "1"]
[White "Mistheoretical"]
[Black "SantoBlue"]
[Result "0-1"]
[WhiteElo "2281"]
[BlackElo "2614"]
[TimeControl "180+2"]
[EndTime "13:08:21 PDT"]
[Termination "SantoBlue won on time"]

1. d4 Nf6 2. Bg5 e6 3. Nd2 h6 4.
Bh4 d5 5. e3 Be7 6. Bd3 c5 7.
c3 b6 8. Qe2 O-O 9. f4 cxd4 10.
exd4 Qc7 11. g3 Re8 12. Ngf3 Bb7 13. O-O Nbd7 14. Ne5 Nf8 15. Rae1 N6d7 16. Bxe7 Rxe7 17. Qg4 f6 18. Nef3 a5 19. Rf2 Ba6 20. Bb1 b5 21.
Rfe2 b4 22. Rxe6 Nxe6 23. Rxe6 Nf8 24. Rxf6 bxc3 25. bxc3 Qxc3 26. Qf5 gxf6 27. Qxd5+ Kg7 28. Qxa8 Qc1+ 29. Kg2 Re2+ 30. Kh3 Bc8+ 31. Kh4 Qxd2 32. Qa7+ Kh8 0-1

[Event "*** Titled Tuesday Blitz"]
[Site "Chess.com"]
[Date "2018.04.03"]
[Round "1"]
[White "Arash_Tahbaz"]
[Black "Marcin"]
[Result "1-0"]
[WhiteElo "2611"]
[BlackElo "2280"]
[TimeControl "180+2"]
[EndTime "13:08:22 PDT"]
[Termination "Arash_Tahbaz won by resignation"]

1. e4 e5 2. Nf3 Nc6 3. Bc4 Nf6 4. d3 Be7 5. O-O O-O 6. c3 d6 7.
Bb3 Na5 8. Bc2 c5 9. Nbd2 Nc6 10.
h3 h6 11. Re1 Be6 12. Nf1 Re8 13. Ng3 Bf8 14. d4 cxd4 15. cxd4 Nxd4 16. Nxd4 exd4 17. Ne2 d5 18. e5 Nd7 19. Nxd4 Rc8 20. f4 Bc5 21. Be3 Qh4 22. Qd2 Bxh3 23. Qd3 Qg3 24. Re2 Bxd4 25. Bxd4 Qxd3 26. Bxd3 Bg4 27. Re3 Nc5 28. Bb5 Red8 29. Rf1 a6 30. Be2 Bxe2 31. Rxe2 Ne6 32. Bb6 Re8 33. f5 Ng5 34. Rd1 Rc6 35. Bf2 Rd8 36. Red2 Ne4 37. Rxd5 Rxd5 38. Rxd5 Nxf2 39.
Kxf2 Rc2+ 40. Kf3 Rxb2 41. Rd8+ Kh7 42. e6 fxe6 43. fxe6 1-0

[Event "*** Titled Tuesday Blitz"]
[Site "Chess.com"]
[Date "2018.04.03"]
[Round "1"]
[White "matiss90"]
[Black "jcibarra"]
[Result "0-1"]
[WhiteElo "2362"]
[BlackElo "2701"]
[TimeControl "180+2"]
[EndTime "13:08:26 PDT"]
[Termination "jcibarra won on time"]

1. e4 e6 2. d4 d5 3. Nc3 Nf6 4. Bg5 dxe4 5. Nxe4 Be7 6. Nxf6+ gxf6 7. Be3 b6 8. Bb5+ c6 9. Bd3 f5 10. Nf3 Nd7 11. c4 Bb7 12. Qe2 Qc7 13. Rc1 O-O 14.
g4 fxg4 15. Rg1 f5 16. Bh6 Rf6 17. Bg5 Bb4+ 18. Kd1 Rg6 19. Rxg4 fxg4 20. Bxg6 hxg6 21. Qxe6+ Kg7 22. Nh4 Nf8 23. Qf6+ Kh7 24. c5 Re8 25. Kc2 bxc5 26. Kb1 cxd4 27. h3 Qe7 28. hxg4 Qxf6 29.
Bxf6 c5 30. f3 Re1 31. a3 Bd2 32. Rxe1 Bxe1 33. f4 Nd7 34. Bg5 Be4+ 35. Kc1 d3 36. f5 gxf5 37. Nxf5 Bxf5 38. gxf5 c4 39. Be3 a6 40.
Bd2 Bxd2+ 41. Kxd2 Nc5 42. Kc3 Ne4+ 0-1

[Event "*** Titled Tuesday Blitz"]
[Site "Chess.com"]
[Date "2018.04.03"]
[Round "1"]
[White "Fandorine"]
[Black "Rumpel-VK"]
[Result "1-0"]
[WhiteElo "2714"]
[BlackElo "2362"]
[TimeControl "180+2"]
[EndTime "13:08:31 PDT"]
[Termination "Fandorine won on time"]

1. e4 d6 2. d4 Nf6 3. f3 e5 4. dxe5 dxe5 5. Qxd8+ Kxd8 6. Bc4 Ke8 7. Be3 a6 8. Ne2 Nc6 9. Nd2 Bd6 10. Nc1 Ke7 11. Nd3 Be6 12. Bxe6 Kxe6 13. Ke2 Rhd8 14. c3 b6 15. Rhd1 Be7 16. Nc4 Nd7 17. f4 f6 18.
f5+ Kf7 19. g4 h6 20. h3 Na5 21. Nxa5 bxa5 22. Rd2 Rab8 23. Rad1 Nb6 24. b3 a4 25. Bxb6 cxb6 26. bxa4 Rdc8 27. Nb4 Bxb4 28. cxb4 Rb7 29.
Rd7+ Rxd7 30. Rxd7+ Kf8 31. Kd3 Rc1 32. Rb7 Rd1+ 33.
Kc3 Rc1+ 34. Kd2 Ra1 35. Kc2 a5 36. Rxb6 axb4 37. Kb2 Rh1 38. a5 Rh2+ 39. Kb3 Rxh3+ 40. Kxb4 Re3 41. a6 Rxe4+ 42. Kb5 1-0

[Event "*** Titled Tuesday Blitz"]
[Site "Chess.com"]
[Date "2018.04.03"]
[Round "1"]
[White "Incognito_Knight"]
[Black "patrisiii123"]
[Result "0-1"]
[WhiteElo "2552"]
[BlackElo "2250"]
[TimeControl "180+2"]
[EndTime "13:08:31 PDT"]
[Termination "patrisiii123 won on time"]

1. e4 e5 2. Nf3 Nc6 3. Bb5 a6 4.
Ba4 Nf6 5. O-O b5 6. Bb3 Be7 7. Re1 O-O 8. a4 b4 9. d3 d6 10.
Nbd2 Na5 11. Ba2 c5 12. c3 Nc6 13. Nf1 h6 14. Ng3 Be6 15. h3 Rb8 16. d4 Bxa2 17.
Rxa2 b3 18. Ra1 cxd4 19. cxd4 exd4 20. Nf5 Ne5 21. N3xd4 Re8 22. a5 Qd7 23. Nxb3 Bf8 24. Nbd4 d5 25. f4 Ng6 26. e5 Ne4 27. Qd3 Bb4 28.
Rf1 Bc5 29. Be3 Rb4 30. Rad1 Reb8 31. Qxa6 Rxb2 32. Qc6 Qxc6 33. Nxc6 Bxe3+ 34. Nxe3 R8b3 35. Nxd5 Rg3 36. Ne3 Rxe3 0-1

[Event "*** Titled Tuesday Blitz"]
[Site "Chess.com"]
[Date "2018.04.03"]
[Round "1"]
[White "Mikhail_Golubev"]
[Black "Firouzja2003"]
[Result "0-1"]
[WhiteElo "2373"]
[BlackElo "2748"]
[TimeControl "180+2"]
[EndTime "13:08:32 PDT"]
[Termination "Firouzja2003 won on time"]

1. e4 c5 2. Nf3 Nc6 3. Nc3 d6 4. d4 cxd4 5. Nxd4 Nf6 6. Bc4 e6 7. Be3 a6 8. Bb3 Bd7 9. f4 b5 10. f5 Nxd4 11. Qxd4 e5 12. Qd3 Bc6 13. Bg5 Be7 14.
Bxf6 Bxf6 15. Bd5 Bxd5 16. Nxd5 Bg5 17. O-O O-O 18. c3 f6 19. Rfd1 Kh8 20. Kh1 Rb8 21. Nb4 Rb6 22. a4 bxa4 23. Rxa4 d5 24. Qxd5 Qe8 25.
Rxa6 Rb8 26. Qd3 Qh5 27. Rd6 Bf4 28. g3 Bh6 29. b3 Ra8 30. Qc2 Qf3+ 31. Qg2 Qxc3 32.
Nd5 Qxb3 33. Nc7 Ra2 34. Rd8 g6 35. Ne6 Rxg2 36. Kxg2 Rg8 37. Rxg8+ Kxg8 38. Rd8+ Kf7 39. Rd7+ Ke8 40. Rxh7 Qc2+ 0-1

[Event "*** Titled Tuesday Blitz"]
[Site "Chess.com"]
[Date "2018.04.03"]
[Round "1"]
[White "Tramontanaaa"]
[Black "severomorskij"]
[Result "1-0"]
[WhiteElo "2385"]
[BlackElo "2660"]
[TimeControl "180+2"]
[EndTime "13:08:32 PDT"]
[Termination "Tramontanaaa won on time"]

1. e4 c5 2. Nf3 Nc6 3. Nc3 e5 4. Bc4 Be7 5. d3 Nf6 6. Ng5 O-O 7. f4 d6 8. O-O Bg4 9. Nf3 exf4 10. Bxf4 Nd4 11.
Ne2 Nxf3+ 12. gxf3 Bh3 13. Rf2 d5 14. Bb3 c4 15. dxc4 dxe4 16. Qxd8 Raxd8 17. Be3 exf3 18. Nf4 Bd7 19. Rxf3 Bc6 20. Rh3 Rfe8 21. Bxa7 g5 22. Nd5 Nxd5 23. cxd5 Bxd5 24. Ba4 Rf8 25. Re1 Bf6 26. Bb6 Ra8 27. Bb3 Bxb3 28. axb3 Bxb2 29.
Re7 Ra6 30. Be3 g4 31. Rh5 Rc8 32. c4 Bf6 33. Rxb7 Re8 34. Bf2 Re2 35. Rf5 Kg7 36. Kf1 Rc2 37. Kg2 h5 38. Kg3 Kg6 39. Rbb5 Raa2 40. Rb6 h4+ 41. Kxg4 1-0

[Event "*** Titled Tuesday Blitz"]
[Site "Chess.com"]
[Date "2018.04.03"]
[Round "1"]
[White "AndrewDGreen"]
[Black "Ravan_02"]
[Result "1-0"]
[WhiteElo "2155"]
[BlackElo "2473"]
[TimeControl "180+2"]
[EndTime "13:08:33 PDT"]
[Termination "AndrewDGreen won by resignation"]

1. d4 d5 2. Bf4 Nf6 3. e3 e6 4.
Nf3 Bd6 5. Bg3 c5 6. c3 Nc6 7. Nbd2 O-O 8. Bd3 b6 9. Ne5 Bb7 10.
O-O Ne7 11. Qb1 Ng6 12. Bxg6 hxg6 13. f4 b5 14. Bh4 a5 15. Qe1 Be7 16. Rf3 cxd4 17.
exd4 Rc8 18. Rh3 b4 19. Bg5 Nh5 20. Qh4 Bxg5 21. fxg5 bxc3 22. bxc3 Qb6 23. Rb1 Qa7 24. Nb3 a4 25. Nc1 Ba6 26. Rb4 Qe7 27. Rb6 Qa7 28.
Rb4 Qe7 29. a3 f6 30. Nxg6 Qxb4 31. axb4 fxg5 32. Ne7+ Kf7 33. Qxh5+ Kxe7 34. Qxg5+ Kd6 35. Qg3+ Kc6 36. Nd3 Bc4 37. Ne5+ Kb5 38. Nxc4 Kxc4 39. Qd3+ Kb3 40. c4+ 1-0

[Event "*** Titled Tuesday Blitz"]
[Site "Chess.com"]
[Date "2018.04.03"]
[Round "1"]
[White "Supernotar"]
[Black "ckgchess"]
[Result "0-1"]
[WhiteElo "2165"]
[BlackElo "2528"]
[TimeControl "180+2"]
[EndTime "13:08:34 PDT"]
[Termination "ckgchess won by checkmate"]

1. d4 Nf6 2. c4 e6 3. Nf3 b6 4. g3 Ba6 5. b3 Bb7 6. Bg2 Bb4+ 7. Bd2 c5 8. O-O O-O 9. a3 Bxd2 10. Nbxd2 cxd4 11. Nxd4 Bxg2 12. Kxg2 d5 13. cxd5 Qxd5+ 14. N4f3 Nc6 15. Nc4 Rfd8 16. Qxd5 Rxd5 17. Rfd1 b5 18. Ne3 Rxd1 19. Rxd1 Rc8 20. Nd4 Nxd4 21. Rxd4 Kf8 22. Rb4 Rc5 23. a4 a6 24. axb5 axb5 25. Kf3 Ke7 26. g4 h6 27. h4 Nd7 28. Ke4 Nf6+ 29.
Kf3 Kd6 30. Rd4+ Kc7 31. Rd3 Nd7 32. Rd4 Ne5+ 33. Ke4 Nc6 34. Rd3 Re5+ 35. Kf4 g5+ 36. hxg5 hxg5+ 37. Kg3 Re4 38. f3 Rd4 39. Nc2 Rxd3 40.
exd3 Kd6 41. f4 gxf4+ 42. Kxf4 Kd5 43. Kg5 Ne5 44. Kf6 Nxg4+ 45. Kxf7 Ne5+ 46. Ke7 Nxd3 47. Ne3+ Kd4 48. Nd1 e5 49. Kd6 e4 50. Kc6 b4 51.
Kb5 e3 52. Nxe3 Kxe3 53. Kc4 Kd2 54. Kd4 Kc2 55. Kc4 Kb2 56. Kxd3 Kxb3 57. Kd2 Ka2 58.
Kc1 b3 59. Kd2 b2 60. Kc3 b1=Q 61. Kd4 Qb3 62. Ke4 Qc3 63. Kd5 Qb4 64. Ke5 Qc4 65.
Kf5 Qd4 66. Kg5 Qe4 67. Kh5 Qg2 68. Kh4 Kb3 69. Kh5 Kc4 70. Kh6 Kd5 71. Kh7 Ke5 72.
Kh8 Kf6 73. Kh7 Qg7# 0-1